 Dungeon Crawl Stone Soup version 0.30-a0-1016-gfb0d676c02 (webtiles) character file.

Game seed: 11547891881091072463

129 promet the Magician (level 4, -5/24 HPs)
             Began as a Deep Elf Hedge Wizard on Apr 6, 2023.
             Slain by an ice beast (14 damage)
             ... on level 3 of the Dungeon.
             The game lasted 00:20:59 (3951 turns).

promet the Magician (Deep Elf Hedge Wizard)         Turns: 3951, Time: 00:21:00

Health: -5/24      AC:  4    Str: 13    XL:     4   Next: 88%
Magic:  6/13       EV: 13    Int: 27    God:
Gold:   121        SH:  0    Dex: 14    Spells: 5/14 levels left

rFire   . . .      SeeInvis .    a - +0 dagger
rCold   . . .      Faith    .    (no shield)
rNeg    . . .      Spirit   .    i - +0 robe
rPois   .          Reflect  .    o - +1 helmet
rElec   .          Rampage  .    (no cloak)
rCorr   .                        (no gloves)
Will    .....                    (no boots)
Stlth   +++                      (no amulet)
HPRegen 0.24/turn                f - +6 ring of strength
MPRegen 0.13/turn                j - +6 ring of intelligence

@: no status effects
A: no striking features
a: no special abilities


You were on level 3 of the Dungeon.
You visited 1 branch of the dungeon, and saw 3 of its levels.

You collected 121 gold pieces.

Inventory:

Hand Weapons
 a - a +0 dagger (weapon)
 b - a +0 sling
 q - a +0 spear
 s - a +0 war axe
Missiles
 h - 21 stones
 n - 5 boomerangs (quivered)
 r - 11 poisoned darts
Armour
 c - a +0 hat
 i - a +0 robe (worn)
 l - a +0 helmet
 o - a +1 helmet (worn)
Jewellery
 f - a +6 ring of strength (left hand)
 g - a ring of protection from cold
 j - a +6 ring of intelligence (right hand)
 y - a ring of flight
Wands
 t - a wand of quicksilver (9)
Scrolls
 e - a scroll of noise
 k - a scroll of enchant armour
 u - 2 scrolls of identify
Potions
 d - a potion of magic
 m - a potion of curing
 p - 2 potions of heal wounds
 v - a potion of haste {unknown}
 w - a potion of attraction {unknown}
 x - a potion of mutation {unknown}


   Skills:
 + Level 0.1 Fighting
 + Level 1.0 Short Blades
 + Level 3.0 Dodging
 + Level 4.1 Stealth
 + Level 5.6 Spellcasting
 + Level 1.1 Conjurations
 + Level 0.8 Hexes
 + Level 2.1 Summonings
 + Level 1.1 Translocations


You had 5 spell levels left.
You knew the following spells:

 Your Spells              Type           Power      Damage    Failure   Level
a - Magic Dart            Conj           52%        1d5       4%          1
b - Blink                 Tloc           28%        N/A       6%          2
c - Call Imp              Summ           19%        N/A       4%          2
d - Slow                  Hex            48%        N/A       4%          1
e - Mephitic Cloud        Conj/Pois/Air  9%         N/A       17%         3

Your spell library contained the following spells:

 Spells                   Type           Power      Damage    Failure   Level
 Summon Small Mammal      Summ           76%        N/A       2%          1
 Apportation              Tloc           28%        N/A       4%          1
 Necrotise                Necr           28%        1d5       7%          1
 Cigotuvi's Dreadful Rot  Necr/Pois/Air  14%        N/A       11%         2


Dungeon Overview and Level Annotations

Branches:
Dungeon (3/15)

Altars:


Message History

Your white imp closely misses the ice beast.
The ice beast hits you but does no damage.
You hit the ice beast.
The ice beast is heavily wounded.
Your white imp barely misses the ice beast.
The ice beast hits you. The ice beast freezes you!
You barely miss the ice beast.
The ice beast is heavily wounded.
Your white imp misses the ice beast.
Casting: Magic Dart (safe; 4% risk of failure)
Confirm with . or Enter, or press ? or * to list all spells.
A beastly little devil appears in a puff of flame.
Your white imp disappears in a puff of smoke!
The ice beast closely misses you.
Casting: Call Imp (safe; 4% risk of failure)
Confirm with . or Enter, or press ? or * to list all spells.
A beastly little devil appears in a puff of frigid air.
Your crimson imp disappears in a puff of smoke!
The ice beast is no longer moving slowly.
The ice beast hits you but does no damage.
Casting: Call Imp (safe; 4% risk of failure)
Confirm with . or Enter, or press ? or * to list all spells.
You blink.
Your white imp hits the ice beast but does no damage.
The ice beast attacks as you move away!
The ice beast hits you but does no damage.
Casting: Blink (safe; 6% risk of failure)
Confirm with . or Enter, or press ? or * to list all spells.
You are still too unstable to blink.
Unknown command.
You hit the ice beast.
The ice beast is severely wounded.
The ice beast completely misses you.
Your white imp barely misses the ice beast.
You hit the ice beast but do no damage.
The ice beast is severely wounded.
You feel stable enough to blink again. The ice beast hits you.
The ice beast freezes you!
Ouch! That really hurt!
You die...

#..........#
#..........#
#..........#
#..........#
#.?.......)#
#..........#
#..........# ♣
#..........# .♣
#........@.# ..♣
#........Y.# ...#
#........5.####....##
#..........).§.......
#....................
#....................
#####################


You could see an ice beast (ally target) and a friendly white imp (summoned).

Vanquished Creatures
  An iguana (D:3)
  A gnoll (D:3)
  5 ball pythons
  4 bats
  3 endoplasms (D:2)
  2 giant cockroaches
  4 goblins
  3 hobgoblins
  2 jackals (D:1)
  3 kobolds
  2 quokkas
  2 frilled lizards
  8 rats
40 creatures vanquished.

Vanquished Creatures (collateral kills)
  3 gnolls (D:3)
  An endoplasm (D:1)
  A giant cockroach (D:2)
  A hobgoblin (D:2)
  7 jackals
  2 quokkas (D:2)
  3 frilled lizards
  A goblin (D:2)
  2 kobolds (D:2)
  A rat (D:3)
22 creatures vanquished.

Grand Total: 62 creatures vanquished

Notes
Turn   | Place    | Note
-------+----------+-------------------------------------------
     0 | D:1      | promet the Deep Elf Hedge Wizard began the quest for the
                  | Orb.
     0 | D:1      | Reached XP level 1. HP: 10/10 MP: 7/7
   258 | D:1      | Reached XP level 2. HP: 15/15 MP: 5/9
   261 | D:1      | Learned a level 2 spell: Blink
   264 | D:1      | Learned a level 2 spell: Call Imp
   266 | D:1      | Learned a level 1 spell: Slow
   525 | D:1      | Reached skill level 5 in Spellcasting
  1779 | D:2      | Reached XP level 3. HP: 19/19 MP: 9/11
  2284 | D:2      | Learned a level 3 spell: Mephitic Cloud
  3207 | D:3      | Reached skill level 1 in Short Blades
  3264 | D:3      | Reached XP level 4. HP: 24/24 MP: 5/13
  3539 | D:3      | Noticed an ice beast
  3951 | D:3      | Slain by an ice beast

Illustrated notes

Levels and vault maps discovered:
D:1:      dpeg_arrival_subterranean_lakeside_camping, layout_basic
D:2:      minmay_diamond_boxcup, layout_basic
D:3:      layout_basic, hellmonk_ecumenical_altar_lost_god,
          minmay_joined_circles, uniq_crazy_yiuf_cottage

Skill      XL: |  1  2  3  4 |
---------------+-------------+-----
Spellcasting   | 5 |  5.6
Dodging        | 3 |  3.0
Stealth        | 3 4 |  4.1
Short Blades   | 1 |  1.0
Summonings     | 2 |  2.1
Fighting       | |  0.1
Conjurations   | |  1.1
Hexes          | |  0.8
Translocations | |  1.1

Action                     |  1- 3 |  4- 6 || total
---------------------------+-------+-------++-------
  Melee: Dagger            |    36 |    11 ||    47
   Fire: Sling             |     3 |     2 ||     5
  Throw: Boomerang         |     1 |       ||     1
   Cast: Magic Dart        |    42 |    14 ||    56
         Call Imp          |    16 |    11 ||    27
         Slow              |     4 |     7 ||    11
         Blink             |     3 |     1 ||     4
    Use: Scroll            |     6 |       ||     6
   Stab: Sleeping          |     6 |     1 ||     7
 Armour: Robe              |    14 |     3 ||    17
  Dodge: Dodged            |    46 |     6 ||    52

Table legend: (Time is in decaauts)
 A = Elapsed time spent in this place.
 B = Non-inter-level travel time spent in this place.
 C = Inter-level travel time spent in this place.
 D = Time resting spent in this place.
 E = Time spent auto-exploring this place.
 F = Levels seen in this place.
 G = Mean time per level.
                   A        B        C        D        E       F      G
               +--------+--------+--------+--------+--------+-----+--------+
         Total |   3955 |   3737 |    218 |   1082 |   1004 |   3 | 1318.3 |
       Dungeon |   3955 |   3737 |    218 |   1082 |   1004 |   3 | 1318.3 |
               +--------+--------+--------+--------+--------+-----+--------+

Top non-repeatable levels by time:
     D:2: 1545 daAuts
     D:1: 1543 daAuts
     D:3: 866 daAuts
